 Dungeon Crawl Stone Soup version 0.31-a0-208-gdb31a4691d (webtiles) character file.

Game seed: 13679003726617874385

559586 erloom the Metallomancer (level 26, -5/174 HPs)
             Began as a Gargoyle Fighter on June 28, 2023.
             Was the Champion of Vehumet.
             Killed from afar by a yellow draconian (34 damage)
             ... with a glob of acid
             ... led by a yellow draconian annihilator
             ... on level 1 of the Realm of Zot.
             The game lasted 03:08:57 (58067 turns).

erloom the Metallomancer (Gargoyle Fighter)        Turns: 58067, Time: 03:08:58

Health: -5/174     AC: 29    Str: 21    XL:     26   Next: 59%
Magic:  20/46      EV: 14    Int: 20    God:    Vehumet [******]
Gold:   4258       SH: 18    Dex: 11    Spells: 24/64 levels left

rFire   + + .        j - +7 eveningstar (vamp)
rCold   . . .        y - +0 kite shield {AC+3}
rNeg    + + .        U - +3 troll leather armour {Snorg}
rPois   ∞            V - +2 hat {Will+}
rElec   +            a - -2 cloak of Untold Secrets {rElec rF+ Will+ Dex+2}
rCorr   .            Q - +2 pair of gloves
SInv    +            x - +3 pair of mountain boots {steadfast, rC+}
Will    +++++        s - amulet of Miaxkooc {Reflect rPois Will+ Slay+3 SH+5}
Stlth   +            T - +4 ring of slaying
HPRegen 1.29/turn    B - ring "Xovvoqism" {Fire rN+ Will+ SInv}
MPRegen 0.30/turn

%: reflection
@: about to teleport, corroded, flying
A: sickness immunity, AC +20, big wings, negative energy resistance 1,
electricity resistance, torment resistance 1, petrification resistance
}: 3/15 runes: decaying, silver, gossamer
a: Renounce Religion


You were on level 1 of the Realm of Zot.
You worshipped Vehumet.
Vehumet was exalted by your worship.
You visited 10 branches of the dungeon, and saw 44 of its levels.
You visited the Abyss 1 time.
You also visited: Ice Cave.

You collected 6220 gold pieces.
You spent 1962 gold pieces at shops.

Inventory:

Hand Weapons
 j - a +7 vampiric eveningstar (weapon)
 P - the +6 whip "Gaptoxt" {holy, rC++ Str-2}
   (You found it on level 1 of the Lair of Beasts)

   Str:       It affects your strength (-2).
   rC:        It greatly protects you from cold.
Missiles
 t - 2 throwing nets
Armour
 a - the -2 cloak of Untold Secrets (worn) {rElec rF+ Will+ Dex+2}
   (You acquired it on level 2 of the Swamp)

   Dex:       It affects your dexterity (+2).
   rF:        It protects you from fire.
   rElec:     It insulates you from electricity.
   Will:      It increases your willpower.
 x - the +3 pair of mountain boots (worn) {steadfast, rC+}
   (You bought it in a shop on level 2 of the Orcish Mines)

   Steadfast: It prevents involuntary movement, except for blinking,
   teleportation, or banishment.
   rC:        It protects you from cold.
 y - a +0 kite shield of protection (worn)
 Q - a +2 pair of gloves (worn)
 U - a +3 troll leather armour (worn) {Snorg}
 V - a +2 hat of willpower (worn)
Jewellery
 c - a ring of see invisible
 e - a ring of positive energy
 r - the ring of the Tortoise {AC+8}
   (You took it off a gnoll on level 3 of the Dungeon)

   [ring of protection]

   AC:        It affects your AC (+8).
 s - the amulet of Miaxkooc (around neck) {Reflect rPois Will+ Slay+3 SH+5}
   (You bought it in a shop on level 1 of the Orcish Mines)

   [amulet of reflection]

   It reflects blocked missile attacks.
   Slay:      It affects your accuracy & damage with ranged weapons and melee
   (+3).
   rPois:     It protects you from poison.
   SH:        It affects your SH (+5).
   Will:      It increases your willpower.
 z - a ring of protection from fire
 B - the ring "Xovvoqism" (right hand) {Fire rN+ Will+ SInv}
   (You took it off a vault warden on level 5 of the Vaults)

   [ring of fire]

   It enhances your fire magic.
   rF:        It protects you from fire.
   rC:        It makes you vulnerable to cold.
   rN:        It protects you from negative energy.
   SInv:      It lets you see invisible.
   Will:      It increases your willpower.
 C - the ring "Boll" {Dex+3 Slay+2 SInv}
   (You took it off a vault warden on level 5 of the Vaults)

   [ring of see invisible]

   Dex:       It affects your dexterity (+3).
   Slay:      It affects your accuracy & damage with ranged weapons and melee
   (+2).
   SInv:      It lets you see invisible.
 D - a ring of protection from cold
 G - a ring of positive energy
 J - a ring of resist corrosion
 M - the ring of Gib Venn {Fire rN+}
   (You found it on level 1 of the Depths)

   [ring of fire]

   It enhances your fire magic.
   rF:        It protects you from fire.
   rC:        It makes you vulnerable to cold.
   rN:        It protects you from negative energy.
 R - the ring "Fiqid" {Fly rPois Will+ Str+2}
   (You found it on level 5 of the Vaults)

   [ring of flight]

   Str:       It affects your strength (+2).
   rPois:     It protects you from poison.
   Fly:       It grants you flight.
   Will:      It increases your willpower.
 T - a +4 ring of slaying (left hand)
Wands
 b - a wand of quicksilver (32)
 o - a wand of mindburst (52)
 u - a wand of iceblast (73)
 W - a wand of digging (3)
Scrolls
 h - 15 scrolls of fog
 k - 8 scrolls of enchant armour
 l - 5 scrolls of silence
 p - 5 scrolls of blinking
 q - a scroll of butterflies
 w - 3 scrolls of teleportation
 E - a scroll of fear
 I - 3 scrolls of revelation
 X - 2 scrolls of poison
Potions
 f - a potion of berserk rage
 i - 4 potions of magic
 m - 12 potions of enlightenment
 n - 8 potions of cancellation
 v - 14 potions of curing
 A - 11 potions of brilliance
 F - a potion of heal wounds
 H - 4 potions of invisibility
 L - a potion of might
 Y - 2 potions of resistance
 Z - 5 potions of haste
Miscellaneous
 d - a lightning rod (2/4)
 K - a piece from Xom's chessboard (15/15)
 N - a condenser vane
 O - a phantom mirror (inert)


   Skills:
 - Level 20.0 Fighting
 - Level 16.0 Maces & Flails
 - Level 10.0 Armour
 - Level 10.0 Dodging
 - Level 15.0 Shields
 + Level 19.9 Spellcasting
 + Level 14.6 Conjurations
 - Level 4.0 Necromancy
 - Level 5.0 Translocations
 + Level 24.1 Earth Magic
 - Level 8.0 Evocations


You had 24 spell levels left.
You knew the following spells:

 Your Spells              Type           Power      Damage    Failure   Level
a - Stone Arrow           Conj/Erth      100%       3d13      0%          3
b - Passwall              Tmut/Erth      51%        N/A       1%          2
c - Lee's Rapid Deconstr  Erth           43%        3d21*     0%          5
d - Blink                 Tloc           78%        N/A       1%          2
e - Leda's Unmaking       Conj/Erth      38%        9d7       1%          6
f - Borgnjor's Vile Clut  Necr/Erth      33%        N/A       1%          5
g - Lehudib's Crystal Sp  Conj/Erth      38%        10d10     2%          8
h - Shatter               Erth           43%        3d33*     6%          9

Your spell library contained the following spells:

 Spells                   Type           Power      Damage    Failure   Level
 Maxwell's Capacitive Co  Air            9%         ∞         100%        8
 Fire Storm               Conj/Fire      32%        8d8       100%        9
 Sandblast                Erth           100%       2d20      0%          1
 Kiss of Death            Conj/Necr      100%       2d13      1%          1
 Necrotise                Necr           100%       1d9       1%          1
 Shock                    Conj/Air       100%       1d9       1%          1
 Momentum Strike          Conj/Tloc      100%       3d10      1%          2
 Static Discharge         Conj/Air       98%        2-7/arc   1%          2
 Gell's Gravitas          Tloc           39%        N/A       1%          3
 Hailstorm                Conj/Ice       49%        3d11      1%          3
 Teleport Other           Tloc           39%        N/A       1%          3
 Volatile Blastmotes      Fire/Tloc      88%        2d17      1%          3
 Animate Armour           Summ/Erth      100%       N/A       1%          4
 Fulminant Prism          Conj/Hex       24%        3d12      1%          4
 Iskenderun's Mystic Bla  Conj/Tloc      56%        2d12      1%          4
 Petrify                  Tmut/Erth      62%        N/A       1%          4
 Sticky Flame             Conj/Fire      65%        2d8       1%          4
 Irradiate                Conj/Tmut      24%        3d19      1%          5
 Iskenderun's Battlesphe  Conj           68%        2d12      1%          5
 Vampiric Draining        Necr           35%        2d8       2%          3
 Orb of Destruction       Conj           34%        9d10      2%          7
 Ignite Poison            Fire/Tmut/Pois 29%        N/A       3%          3
 Inner Flame              Hex/Fire       29%        N/A       3%          3
 Summon Small Mammal      Summ           76%        N/A       4%          1
 Portal Projectile        Hex/Tloc       58%        N/A       4%          3
 Freezing Cloud           Conj/Ice/Air   19%        6-21      4%          5
 Manifold Assault         Tloc           39%        N/A       5%          4
 Passage of Golubria      Tloc           39%        N/A       5%          4
 Ensorcelled Hibernation  Hex/Ice        38%        N/A       7%          2
 Animate Dead             Necr           35%        N/A       9%          4
 Dispel Undead            Necr           35%        3d15      9%          4
 Airstrike                Air            9%         2d(2-18)  12%         4
 Call Canine Familiar     Summ           19%        N/A       13%         3
 Confusing Touch          Hex            19%        N/A       13%         3
 Summon Guardian Golem    Hex/Summ       19%        N/A       13%         3
 Swiftness                Air            19%        N/A       13%         3
 Tukima's Dance           Hex            19%        N/A       13%         3
 Anguish                  Hex/Necr       13%        N/A       19%         4
 Agony                    Necr           35%        N/A       24%         5
 Yara's Violent Unravell  Hex/Tmut       9%         3d6       30%         5
 Cause Fear               Hex            9%         N/A       41%         4
 Ice Form                 Ice/Tmut       19%        N/A       41%         4
 Summon Ice Beast         Ice/Summ       19%        N/A       41%         4
 Summon Lightning Spire   Summ/Air       19%        N/A       41%         4
 Spellforged Servitor     Conj/Summ      24%        N/A       41%         7
 Dispersal                Tloc           19%        N/A       65%         6
 Blade Hands              Tmut           9%         N/A       77%         5
 Metabolic Englaciation   Hex/Ice        9%         N/A       77%         5
 Silence                  Hex/Air        9%         N/A       77%         5
 Summon Mana Viper        Hex/Summ       19%        N/A       77%         5
 Death Channel            Necr           17%        N/A       78%         6
 Simulacrum               Ice/Necr       13%        N/A       96%         6
 Dragon Form              Tmut           9%         N/A       100%        7
 Enfeeble                 Hex            9%         N/A       100%        7
 Haunt                    Necr/Summ      13%        N/A       100%        7
 Malign Gateway           Summ/Tloc      14%        N/A       100%        7
 Monstrous Menagerie      Summ           9%         N/A       100%        7
 Ozocubu's Refrigeration  Ice            9%         4d9       100%        7
 Storm Form               Tmut/Air       9%         N/A       100%        7
 Borgnjor's Revivificati  Necr           17%        N/A       100%        8
 Disjunction              Tloc           19%        N/A       100%        8
 Ignition                 Fire           14%        3d6       100%        8
 Infestation              Necr           17%        N/A       100%        8
 Dragon's Call            Summ           9%         N/A       100%        9
 Polar Vortex             Ice            9%         N/A       100%        9
 Sublimation of Blood     Necr           Unusable   N/A       N/A         2
 Cigotuvi's Dreadful Rot  Necr/Pois/Air  Unusable   N/A       N/A         2
 Statue Form              Tmut/Erth      Unusable   N/A       N/A         6

Dungeon Overview and Level Annotations

Branches:
Dungeon (15/15)            Temple (1/1) D:4            Lair (5/5) D:9
  Swamp (4/4) Lair:3       Spider (4/4) Lair:3        Slime (0/5) Lair:5
    Orc (2/2) D:9             Elf (3/3) Orc:2        Vaults (5/5) D:14
  Crypt (0/3) Vaults:3     Depths (4/4) D:15            Zot (1/5) Depths:4
  IceCv (visited)

Altars:
Ashenzari
Cheibriados
Dithmenos
Elyvilon
Fedhas
Gozag
Hepliaklqana
Kikubaaqudgha
Makhleb
Nemelex Xobeh
Okawaru
Qazlal
Ru
Sif Muna
Trog
Uskayaw
Vehumet
Wu Jian
Xom
Yredelemnul
Zin
The Shining One
Jiyva
Lugonu

Shops:
Orc:1 =   Orc:2 [(:=*   Vaults:1 (   Vaults:3 =

Portals:
Hell: Depths:1 Depths:2 Depths:3 Depths:4
Abyss: Depths:3
Pandemonium: Depths:1 Depths:2
Ziggurat: Depths:1
Trove: D:15 (give 5 potions of resistance)

Annotations:
Swamp:2 exclusion: downstairs
Swamp:3 1 runed translucent door, initializr's ghost, adept DrAr
Depths:2 1 runed translucent door, Afra's ghost, veteran FoHs
Depths:3 6 runed translucent doors


Innate Abilities, Weirdness & Mutations

You are immune to sickness and miasma.
Your stone body is resilient. (AC +20)
You are immune to poison.
Your large and strong wings let you fly.
You resist negative energy. (rN+)
You are resistant to electric shocks. (rElec)
You are resistant to unholy torment.
You are immune to petrification.


Message History

Casting: Leda's Unmaking (mildly dangerous; 1% risk of failure)
Confirm with . or Enter, or press ? or * to list all spells.
Aiming: Leda's Unmaking (mildly dangerous; 1% risk of failure)
Press: ? - help, Shift-Dir - straight line, f - yellow draconian annihilator
Aim: a yellow draconian annihilator, wielding a +0 short sword and wearing a +0 cloak (severely wounded, catching its breath, 76% to hit)
The entropic shot hits the yellow draconian annihilator!!!
The yellow draconian annihilator dissolves into mud!
You kill the yellow draconian annihilator!
Vehumet accepts your kill.
You feel your power returning. The yellow draconian spits acid at you.
The glob of acid hits you! The acid corrodes you!
You block the white draconian's attack.
The black draconian breathes lightning at you.
The bolt of lightning hits you. You resist.
The black draconian breathes lightning at you.
The bolt of lightning hits the black draconian.
The black draconian completely resists.
The bolt of lightning hits you! You resist.
* * * LOW HITPOINT WARNING * * *
The yellow draconian spits acid at you. The glob of acid hits you!!
* * * LOW HITPOINT WARNING * * *
Unknown command.
Unknown command.
Unknown command.
You feel much better.
The yellow draconian hits you but does no damage.
The white draconian hits you with a +0 hand axe of draining!
* * * LOW HITPOINT WARNING * * *
You block the yellow draconian's attack.
As you read the scroll of teleportation, it crumbles to dust.
You feel strangely unstable.
You feel the Orb delaying your translocation!
The white draconian hits you with a +0 hand axe of draining!
* * * LOW HITPOINT WARNING * * *
You block the yellow draconian's attack.
The yellow draconian spits acid at you. The glob of acid hits you!!
You die...

##### #...# #...##
#....# ##### ### ##...#
#...# ...#
###...######...###...###
.......d..dd~..dd.......
.......#'#.#d..)@.......
##...###d8q#...d#####...
#...# #.dd###⌠##
#..##....d..###
####.........
........... ..##...##.d
#


You could see 2 draconians, 3 draconians and a white draconian.

Vanquished Creatures
  A dread lich (Vaults:5)
  An ancient lich (Vaults:5)
  Mara (Swamp:2)
  Mennas (Vaults:4)
  Boris (Vaults:4)
  Bai Suzhen (Spider:4)
  Xtahua (Depths:4)
  Parghit (Depths:4)
  Nikola (Spider:4)
  Jory (Vaults:2)
  2 golden dragons
  Arachne (Spider:4)
  Zenata (Vaults:4)
  Rupert (D:15)
  3 tentacled monstrosities
  A walking earthen tome (Depths:4)
  6 liches
  7 titans (Vaults:5)
  A quicksilver dragon (Zot:1)
  2 deep elf master archers (Elf:3)
  2 deep elf blademasters (Elf:3)
  7 shadow dragons
  Gastronok (Lair:3)
  3 sphinxes
  Donald (Vaults:4)
  2 thorn hunters (Swamp:4)
  Kirke (Lair:3)
  3 storm dragons
  9 tengu reavers
  2 fenstrider witches
  7 fire giants
  2 iron dragons (Vaults:5)
  2 draconian knights
  Aizul (Spider:4)
  8 frost giants
  6 deep elf sorcerers
  2 emperor scorpions (Spider:3)
  4 ghost moths
  21 vault wardens
  A draconian shifter (Zot:1)
  Louise (D:14)
  4 deep elf elementalists
  3 formless jellyfish
  19 ironbound preservers
  27 very ugly things
  The ghost of Abboc the Unseen, an adept VSWr of Wu Jian (Spider:2)
  2 war gargoyles
  2 draconian annihilators (Zot:1)
  2 broodmothers
  21 stone giants
  2 spriggan defenders (Depths:2)
  5 ironbound thunderhulks
  4 deep elf demonologists
  The ghost of sastreii the Carver, a journeyman DrGl of Okawaru (Lair:5)
  3 eleionomae
  7 deep elf annihilators
  A green draconian (Depths:4)
  10 dire elephants
  5 spark wasps
  3 white draconians (Depths:4)
  2 black draconians (Depths:4)
  2 vampire knights (Depths:3)
  A yellow draconian (Depths:4)
  Azrael (D:14)
  A purple draconian (Zot:1)
  6 bunyips
  2 red draconians (Depths:4)
  Snorg (D:10)
  8 deep elf death magi
  8 ettins
  2 crystal guardians
  9 fire dragons
  13 yaktaur captains
  An entropy weaver (shapeshifter) (D:14)
  8 entropy weavers
  A shambling mangrove (Swamp:4)
  Josephine (Lair:4)
  A spriggan zombie (Depths:3)
  4 peacekeepers
  Fannar (D:10)
  5 great orbs of eyes
  33 vault guards
  Erolcha (D:10)
  3 deep elf high priests
  A spriggan air mage (Depths:2)
  12 ice dragons
  A quicksilver dragon skeleton (Depths:3)
  6 ironbound frosthearts
  20 hydras
  An ogre mage (D:14)
  2 jorogumos
  A ghost crab (Swamp:3)
  A catoblepas (Lair:1)
  6 rakshasas
  14 centaur warriors
  5 radroaches
  35 dancing weapons
  An alligator (shapeshifter) (Vaults:4)
  6 alligators
  3 two-headed ogres
  14 boulder beetles
  A death knight (D:15)
  7 tengu warriors
  7 death yaks (IceCv)
  13 deep troll earth magi
  2 spriggan berserkers
  9 deep troll shamans
  4 orc high priests
  4 demonic crawlers
  10 hell hogs (Depths:3)
  Nergalle (D:10)
  A hell knight (Depths:2)
  23 deep elf knights
  A spectral catoblepas (Lair:1)
  A titan skeleton (Vaults:3)
  A fire crab (Lair:5)
  4 pharaoh ants
  11 iron trolls
  4 glowing orange brains
  2 skysharks
  A spectral death yak (Lair:1)
  68 deep trolls
  4 goliath frogs
  Lodul (D:14)
  7 orb spiders
  5 swamp dragons
  18 skeletal warriors
  6 bog bodies
  2 bunyip zombies (Swamp:3)
  6 spriggan druids
  A death drake (Swamp:3)
  2 flayed ghosts (Vaults:5)
  8 wizards
  10 lindwurms
  12 deep elf archers
  4 steelbarb worms
  The ghost of Weneqiut the Destroyer, a novice FeCj of Vehumet (Lair:1)
  25 ironbound convokers
  Pikel (D:5)
  2 spectral wolf spiders (Spider:1)
  3 bunyip skeletons (Swamp:3)
  22 wolf spiders
  3 phantasmal warriors
  33 deep elf pyromancers
  5 wolf spider zombies (Spider:1)
  A harpy (shapeshifter) (Elf:1)
  4 necromancers
  8 orc knights
  38 ugly things
  6 orc sorcerers
  25 deep elf zephyrmancers
  6 cyclopes
  6 will-o-the-wisps
  4 manticores
  13 elephants
  3 moths of wrath
  A stone giant skeleton (Vaults:3)
  27 slime creatures
  A centaur zombie (D:15)
  3 guardian serpents (shapeshifter)
  5 black mambas
  16 vault sentinels
  An ice statue (IceCv)
  3 elf skeletons (Vaults:3)
  4 gargoyles
  2 naga magi (D:15)
  22 cane toads
  A molten gargoyle (D:12)
  A torpor snail (Lair:5)
  A centaur skeleton (D:15)
  Maggie (D:10)
  A kobold demonologist (D:11)
  6 komodo dragons
  2 yaktaur skeletons (Vaults:3)
  10 rime drakes
  3 freezing wraiths
  29 yaktaurs
  A tengu conjurer (D:15)
  10 polar bears
  A meliai (D:9)
  9 trolls
  A shadow dragon simulacrum (Depths:3)
  5 human skeletons (Vaults:3)
  4 wolf spider simulacra
  7 tyrant leeches
  A queen bee (D:11)
  11 blink frogs
  6 dream sheep (Lair:5)
  19 hornets
  26 tarantellas
  34 jumping spiders
  22 culicivoras
  5 water elementals
  A centaur simulacrum (D:15)
  25 spriggans
  2 air elementals
  A culicivora (shapeshifter) (Vaults:5)
  2 vampires
  A shadow (D:11)
  Sigmund (D:5)
  12 wraiths
  69 yaks
  A wyvern (shapeshifter) (Vaults:5)
  A wyvern (D:9)
  A basilisk (Lair:1)
  A hog (Lair:3)
  Grum (D:10)
  4 fire elementals
  48 redbacks
  A redback (shapeshifter) (Vaults:5)
  3 vampire mosquitoes (D:13)
  A human (shapeshifter) (Vaults:5)
  A steam dragon (shapeshifter) (Vaults:5)
  A death yak simulacrum (Lair:1)
  A steam dragon (D:9)
  7 wargs
  13 swamp worms
  An acid dragon (D:8)
  15 water moccasins
  A floating eye (Depths:2)
  4 hell hounds (D:14)
  A glowing shapeshifter skeleton (Vaults:3)
  Duvessa (D:4)
  11 swamp drakes
  A hydra simulacrum (Lair:1)
  9 black bears
  2 sky beasts (D:7)
  32 orc warriors
  A spriggan simulacrum (Swamp:3)
  A hornet zombie (Swamp:3)
  12 boggarts
  38 wolves
  14 centaurs
  12 ogres
  A lemure (D:5)
  2 phantoms
  12 bullfrogs
  4 kobold brigands
  Blork the orc (D:4)
  An earth elemental (Elf:1)
  3 scorpions
  4 gnoll sergeants
  A scorpion (shapeshifter) (Vaults:5)
  7 wights
  Dowan (D:4)
  24 killer bees
  3 electric eels
  4 howler monkeys
  A rime drake simulacrum (Lair:1)
  3 lava snakes (Lair:1)
  A komodo dragon simulacrum (Lair:1)
  3 hounds
  2 jellies
  20 orc priests
  A sleepcap (D:8)
  2 gnoll boudas
  An iguana (D:6)
  35 orc wizards
  A boggart zombie (D:15)
  4 hell rats (Lair:1)
  21 gnolls
  7 adders
  An ufetubus (D:7)
  4 worms (D:11)
  A worm (shapeshifter) (Vaults:5)
  4 dart slugs
  71 orcs
  5 ball pythons
  2 bats
  4 endoplasms
  6 giant cockroaches
  7 hobgoblins
  12 jackals
  15 kobolds
  3 quokkas
  3 frilled lizards
  4 goblins
  2 rats
1928 creatures vanquished.

Vanquished Creatures (others)
  Asterion (Spider:3)
  An ironbound preserver (Vaults:2)
  A centaur warrior (Vaults:1)
  3 deep elf knights (Elf:2)
  A goliath frog (Swamp:1)
  A deep elf zephyrmancer (Elf:3)
  A deep elf archer (Elf:2)
  2 deep elf pyromancers
  An ugly thing (Vaults:5)
  4 bloated husks
  A dream sheep (Lair:5)
  2 orc priests (Orc:2)
  An orc wizard (Orc:2)
  A butterfly (Lair:5)
  38 foxfires
59 creatures vanquished.

Grand Total: 1987 creatures vanquished

Notes
Turn   | Place    | Note
-------+----------+-------------------------------------------
     0 | D:1      | erloom the Gargoyle Fighter began the quest for the Orb.
     0 | D:1      | Reached XP level 1. HP: 14/14 MP: 1/1
   153 | D:1      | Reached XP level 2. HP: 19/19 MP: 2/2
   531 | D:1      | Reached XP level 3. HP: 21/23 MP: 3/3
  1056 | D:2      | Reached XP level 4. HP: 28/28 MP: 4/4
  1272 | D:2      | Found a faded altar of an unknown god.
  1718 | D:3      | Found a burning altar of Makhleb.
  1945 | D:3      | Reached skill level 5 in Maces & Flails
  1945 | D:3      | Reached XP level 5. HP: 21/32 MP: 3/5
  2246 | D:4      | Found a staircase to the Ecumenical Temple.
  2259 | Temple   | Entered the Ecumenical Temple
  2518 | Temple   | Became a worshipper of Vehumet
  2817 | D:4      | Found a shadowy altar of Dithmenos.
  2924 | D:4      | Noticed Duvessa
  2924 | D:4      | Noticed Dowan
  2983 | D:5      | Entered Level 5 of the Dungeon
  3002 | D:5      | Noticed Pikel
  3002 | D:5      | Noticed a lemure
  3002 | D:5      | Noticed a lemure
  3003 | D:5      | Noticed a lemure
  3012 | D:5      | Noticed a lemure
  3071 | D:4      | Killed Duvessa
  3072 | D:4      | Reached XP level 6. HP: 37/37 MP: 4/6
  3112 | D:4      | Killed Dowan
  3503 | D:4      | Reached XP level 7. HP: 30/41 MP: 4/7
  3556 | D:4      | Reached * piety under Vehumet
  3556 | D:4      | Offered knowledge of Freeze by Vehumet.
  3778 | D:5      | Noticed Blork the orc
  3801 | D:4      | Killed Blork the orc
  3818 | D:5      | Noticed Sigmund
  3838 | D:4      | HP: 1/41 [wight/+4 hand axe (5)]
  4097 | D:5      | Killed Sigmund
  4098 | D:5      | Reached XP level 8. HP: 46/46 MP: 8/8
  4107 | D:5      | Found a broken altar of Ashenzari.
  4333 | D:5      | Killed Pikel
  4479 | D:5      | Found a stormy altar of Qazlal.
  4913 | D:6      | Reached skill level 1 in Evocations
  4913 | D:6      | Reached XP level 9. HP: 47/52 MP: 12/12
  4947 | D:6      | Found a sacrificial altar of Ru.
  4952 | D:6      | Reached skill level 5 in Shields
  5005 | D:6      | Reached skill level 5 in Armour
  5087 | D:6      | Reached skill level 10 in Maces & Flails
  6070 | D:6      | Reached skill level 1 in Dodging
  6147 | D:7      | Reached skill level 5 in Fighting
  6318 | D:7      | Offered knowledge of Foxfire by Vehumet.
  6328 | D:7      | Reached ** piety under Vehumet
  6656 | D:7      | Reached XP level 10. HP: 57/60 MP: 11/13
  7145 | D:8      | Noticed a guardian serpent
  7169 | D:7      | Killed a guardian serpent
  7778 | D:8      | Reached skill level 5 in Spellcasting
  8093 | D:8      | Noticed a two-headed ogre
  8097 | D:8      | Found an ornate altar of the Wu Jian Council.
  8413 | D:9      | Offered knowledge of Searing Ray by Vehumet.
  8759 | D:9      | Reached *** piety under Vehumet
  8907 | D:9      | Found a staircase to the Lair.
  8917 | D:9      | Reached XP level 11. HP: 58/64 MP: 18/20
  8977 | D:9      | Found a shimmering altar of Xom.
  9075 | D:9      | Found a staircase to the Orcish Mines.
  9311 | D:9      | Found a basalt altar of Yredelemnul.
  9320 | D:9      | Offered knowledge of Inner Flame by Vehumet.
  9328 | D:9      | Found a hide-covered altar of Uskayaw.
  9328 | D:9      | Found an iron altar of Okawaru.
  9548 | D:9      | Noticed a two-headed ogre
  9571 | D:9      | Killed a two-headed ogre
  9651 | D:9      | Reached **** piety under Vehumet
  9673 | D:9      | Offered knowledge of Airstrike by Vehumet.
  9900 | D:10     | Entered Level 10 of the Dungeon
  9925 | D:10     | Noticed Snorg
  9944 | D:10     | Killed Snorg
 10023 | D:10     | Noticed a two-headed ogre
 10039 | D:10     | Noticed Nergalle
 10041 | D:10     | Killed a two-headed ogre
 10176 | D:10     | Killed Nergalle
 10504 | D:10     | Noticed Maggie
 10508 | D:10     | Noticed Erolcha
 10513 | D:10     | Noticed Grum
 10519 | D:10     | Killed Maggie
 10522 | Abyss:2  | Cast into level 2 of the Abyss (Erolcha)
 10561 | D:10     | Escaped the Abyss
 10743 | D:10     | Noticed Fannar
 11027 | Lair:1   | Entered Level 1 of the Lair of Beasts
 11051 | D:9      | Reached XP level 12. HP: 63/73 MP: 21/21
 11089 | D:9      | Reached skill level 15 in Maces & Flails
 11479 | Lair:1   | Reached ***** piety under Vehumet
 11553 | Lair:1   | Offered knowledge of Conjure Ball Lightning by Vehumet.
 11677 | Lair:1   | Noticed a catoblepas
 11696 | Lair:1   | Killed a catoblepas
 11820 | Lair:1   | Found a runed translucent gate.
 11821 | Lair:1   | Found a runed translucent gate.
 11821 | Lair:1   | Found a runed translucent gate.
 11826 | Lair:1   | Noticed Weneqiut's ghost (novice FeCj)
 12298 | Lair:1   | Found a runed translucent door.
 12337 | Lair:1   | Identified the +6 whip "Gaptoxt" {holy, rC++ Str-2}
 12338 | Lair:1   | Found a runed translucent gate.
 12338 | Lair:1   | Found a runed translucent gate.
 12338 | Lair:1   | Found a runed translucent gate.
 12338 | Lair:1   | Found a runed translucent gate.
 12338 | Lair:1   | Found a runed translucent gate.
 12338 | Lair:1   | Found a runed translucent gate.
 12338 | Lair:1   | Noticed a boulder beetle
 12338 | Lair:1   | Noticed a boulder beetle
 12338 | Lair:1   | Noticed a boulder beetle
 12845 | Lair:2   | Noticed a skyshark
 12859 | Lair:2   | Killed a skyshark
 12860 | Lair:2   | Reached XP level 13. HP: 56/78 MP: 25/25
 14160 | Lair:3   | Reached skill level 5 in Evocations
 14247 | Lair:3   | Noticed Gastronok
 14301 | Lair:3   | Killed Gastronok
 14570 | Lair:3   | Found a staircase to the Swamp.
 14714 | Lair:3   | Found a hole to the Spider Nest.
 15172 | Lair:3   | Reached skill level 10 in Fighting
 15204 | Lair:3   | Reached skill level 10 in Armour
 15397 | Lair:4   | Found a bloodstained altar of Trog.
 15737 | Lair:4   | Reached skill level 10 in Spellcasting
 15986 | Lair:4   | Gained mutation: Your large and strong wings let you fly.
                  | [Gargoyle growth]
 15986 | Lair:4   | Reached XP level 14. HP: 81/88 MP: 28/28
 16284 | Lair:4   | Noticed Josephine
 16300 | Lair:4   | Killed Josephine
 16725 | Lair:5   | Entered Level 5 of the Lair of Beasts
 16913 | Lair:5   | Found a runed translucent gate.
 16914 | Lair:5   | Noticed sastreii's ghost (journeyman DrGl)
 16941 | Lair:5   | Found a runed translucent gate.
 17588 | Lair:5   | Found a viscous altar of Jiyva.
 17588 | Lair:5   | Found a staircase to the Slime Pits.
 17602 | Lair:5   | Found a runed translucent gate.
 18090 | Lair:5   | Offered knowledge of Olgreb's Toxic Radiance by Vehumet.
 19290 | D:10     | Killed Fannar
 19422 | D:10     | Killed Grum
 19497 | D:10     | Killed Erolcha
 19554 | D:10     | Found a hazy altar of Hepliaklqana.
 19675 | Orc:1    | Entered Level 1 of the Orcish Mines
 19798 | Orc:1    | Found Tuohaa's Jewellery Shoppe.
 19803 | Orc:1    | Bought the amulet of Miaxkooc {Reflect rPois Will+ Slay+3
                  | SH+5} for 653 gold pieces
 20107 | Orc:2    | Entered Level 2 of the Orcish Mines
 20289 | Orc:2    | Found a staircase to the Elven Halls.
 20384 | Orc:2    | Found Vyureem's Book Boutique.
 20536 | Orc:2    | Bought a book of Geomancy for 252 gold pieces
 20540 | Orc:2    | Learned a level 3 spell: Stone Arrow
 20554 | Orc:2    | Reached ****** piety under Vehumet
 20652 | Orc:2    | Offered knowledge of Iskenderun's Battlesphere by Vehumet.
 20741 | Orc:2    | Found Noducont's Assorted Antiques.
 20918 | Orc:2    | Reached skill level 1 in Earth Magic
 21360 | Orc:2    | Reached skill level 2 in Earth Magic
 21360 | Orc:2    | Reached XP level 15. HP: 88/100 MP: 29/29
 21536 | Orc:2    | Reached skill level 3 in Earth Magic
 21580 | Orc:2    | Found Ymasae's Armour Shop.
 21585 | Orc:2    | Found Hatzagh's Weapon Shoppe.
 21601 | Orc:2    | Found Leanax's Jewellery Shoppe.
 21626 | Orc:2    | Bought the +3 pair of mountain boots {steadfast, rC+} for
                  | 469 gold pieces
 21626 | Orc:2    | Found the +3 pair of mountain boots {steadfast, rC+}
 21714 | Orc:2    | Learned a level 2 spell: Passwall
 21720 | Orc:2    | Learned a level 5 spell: Lee's Rapid Deconstruction
 21942 | D:11     | Reached skill level 4 in Earth Magic
 22479 | D:12     | Reached skill level 5 in Earth Magic
 22484 | D:12     | Identified the amulet "Cymes" {rElec rPois Regen+ Int-2
                  | Dex+2}
 22670 | D:12     | Found a frozen archway.
 22677 | IceCv    | Entered an ice cave
 22722 | IceCv    | Reached skill level 6 in Earth Magic
 22777 | IceCv    | Offered knowledge of Eringya's Noxious Bog by Vehumet.
 22830 | IceCv    | Noticed a frost giant
 22850 | IceCv    | Killed a frost giant
 22913 | IceCv    | Reached skill level 7 in Earth Magic
 23220 | D:12     | Reached skill level 8 in Earth Magic
 23499 | D:12     | Learned a level 2 spell: Blink
 23862 | D:13     | Reached skill level 1 in Translocations
 24372 | D:13     | Reached skill level 9 in Earth Magic
 24510 | D:14     | Reached XP level 16. HP: 106/106 MP: 32/32
 24556 | D:14     | Offered knowledge of Freezing Cloud by Vehumet.
 24707 | D:14     | Noticed Azrael
 24717 | D:14     | Killed Azrael
 24725 | D:14     | Reached skill level 10 in Earth Magic
 24869 | D:14     | Noticed Lodul
 24878 | D:14     | Killed Lodul
 24903 | D:14     | Noticed Louise
 24921 | D:14     | Killed Louise
 24996 | D:14     | Found a gate to the Vaults.
 25087 | D:14     | Found a shimmering blue altar of Sif Muna.
 25518 | Lair:1   | Killed Weneqiut's ghost
 25736 | D:15     | Entered Level 15 of the Dungeon
 25909 | D:15     | Noticed Rupert
 25957 | D:15     | Killed Rupert
 26054 | D:15     | Reached skill level 10 in Shields
 26341 | D:15     | Found a portal to a secret trove of treasure.
 26602 | D:15     | Reached skill level 5 in Translocations
 26694 | D:15     | Offered knowledge of Leda's Unmaking by Vehumet.
 26732 | D:15     | Found a staircase to the Depths.
 26735 | D:15     | Reached skill level 15 in Fighting
 27192 | Lair:5   | Killed sastreii's ghost
 27447 | Swamp:1  | Entered Level 1 of the Swamp
 27447 | Swamp:1  | Noticed Kirke
 27467 | Lair:3   | Killed Kirke
 27468 | Lair:3   | Reached XP level 17. HP: 114/114 MP: 33/33
 27810 | Orc:2    | Bought a book of Power for 588 gold pieces
 27817 | Orc:2    | Learned a level 6 spell: Leda's Unmaking
 28209 | Swamp:2  | Reached skill level 1 in Conjurations
 28500 | Swamp:2  | Offered knowledge of Plasma Beam by Vehumet.
 28923 | Swamp:3  | Identified a scroll of acquirement
 28928 | Swamp:2  | Acquired the -2 cloak of Untold Secrets {rElec rF+ Will+
                  | Dex+2}
 29061 | Swamp:3  | Reached skill level 11 in Earth Magic
 29061 | Swamp:3  | Noticed Mara
 29117 | Swamp:3  | Noticed erloom's illusion
 29141 | Swamp:2  | Killed Mara
 29268 | Swamp:3  | Found a runed translucent door.
 29282 | Swamp:3  | Noticed initializr's ghost (adept DrAr)
 29569 | Swamp:3  | Reached skill level 5 in Conjurations
 29680 | Swamp:3  | Found an ancient bone altar of Kikubaaqudgha.
 29690 | Swamp:3  | Got the Grimoire of the Cemetery
 30010 | Swamp:4  | Entered Level 4 of the Swamp
 30276 | Swamp:4  | Reached skill level 12 in Earth Magic
 30407 | Swamp:3  | Reached XP level 18. HP: 105/120 MP: 35/35
 30756 | Swamp:4  | Got a decaying rune of Zot
 30830 | Swamp:4  | Offered knowledge of Fire Storm by Vehumet.
 30830 | Swamp:4  | Offered knowledge of Shatter by Vehumet.
 30830 | Swamp:4  | Offered knowledge of Maxwell's Capacitive Coupling by
                  | Vehumet.
 31058 | Spider:1 | Entered Level 1 of the Spider Nest
 31308 | Spider:1 | Got Raufiddaura's Compendium of the Shift and Amathomancy
 31862 | Spider:1 | Reached skill level 13 in Earth Magic
 33172 | Spider:2 | Found a large runed translucent door.
 33173 | Spider:2 | Found a large runed translucent door.
 33177 | Spider:2 | Noticed Abboc's ghost (adept VSWr)
 33196 | Spider:2 | Killed Abboc's ghost
 34423 | Spider:3 | Noticed Asterion
 34432 | Spider:3 | Killed Asterion
 34690 | Spider:3 | Reached skill level 14 in Earth Magic
 35317 | Spider:4 | Entered Level 4 of the Spider Nest
 35420 | Spider:4 | Reached XP level 19. HP: 96/125 MP: 37/37
 35570 | Spider:4 | Noticed Bai Suzhen
 35592 | Spider:4 | Killed Bai Suzhen
 35748 | Spider:4 | Noticed Arachne
 35809 | Spider:4 | Noticed Nikola
 35841 | Spider:4 | HP: 2/125 [Nikola/arc of chain lightning (73)]
 35848 | Spider:4 | Killed Nikola
 36123 | Spider:4 | Killed Arachne
 36475 | Spider:4 | Noticed Aizul
 36499 | Spider:4 | Killed Aizul
 37068 | Spider:4 | Got a gossamer rune of Zot
 37081 | Spider:4 | Reached XP level 20. HP: 131/131 MP: 38/38
 37089 | Spider:4 | Reached skill level 5 in Dodging
 37089 | Spider:4 | Reached skill level 15 in Earth Magic
 37089 | Spider:4 | Reached XP level 21. HP: 136/136 MP: 39/39
 37563 | Elf:1    | Entered Level 1 of the Elven Halls
 37683 | Elf:1    | Reached skill level 15 in Spellcasting
 38742 | Elf:1    | Paralysed by an air elemental for 1 turns
 39014 | Elf:1    | Reached skill level 16 in Earth Magic
 39111 | Elf:2    | Reached skill level 15 in Shields
 39805 | Elf:2    | Found a runed translucent gate.
 39805 | Elf:2    | Found a runed translucent gate.
 39805 | Elf:2    | Found a runed translucent gate.
 39814 | Elf:2    | Reached skill level 17 in Earth Magic
 39814 | Elf:2    | Reached XP level 22. HP: 132/142 MP: 41/41
 39886 | Elf:1    | Found an ancient bone altar of Kikubaaqudgha.
 40006 | Elf:3    | Entered Level 3 of the Elven Halls
 40012 | Elf:3    | Paralysed by an air elemental for 1 turns
 40016 | Elf:3    | Paralysed by an air elemental for 1 turns
 40230 | Elf:3    | Identified the ring "Xef Monn" {rCorr Dex+6}
 40341 | Elf:3    | Reached skill level 18 in Earth Magic
 40358 | Elf:3    | Identified the +7 double sword of Embarrassment {pain,
                  | Dex+7 Stlth+}
 40421 | Elf:3    | Identified the +1 dagger "Appuczui" {flame, SInv}
 40421 | Elf:3    | Identified the +2 robe "Birghy Sesi" {rPois rCorr Dex-3}
 41132 | Elf:3    | Got The Foundations of Wizarding
 41140 | Elf:3    | Identified the +9 orcbow "Bepsiaph" {flame, Str+4}
 41220 | Elf:3    | Identified the +0 cloak of Happiness {rPois Dex+4}
 41223 | Elf:3    | Got the Elucidation of Air
 41226 | Elf:3    | Got the Parchment of Indurated Conjury
 42119 | Elf:2    | Learned a level 5 spell: Borgnjor's Vile Clutch
 42413 | Vaults:1 | Entered Level 1 of the Vaults
 42701 | Vaults:1 | Reached skill level 1 in Necromancy
 42777 | Vaults:1 | Found Firyriw's Antique Weapon Shoppe.
 42838 | Vaults:1 | Reached skill level 10 in Conjurations
 42959 | Vaults:1 | Reached skill level 19 in Earth Magic
 43404 | Vaults:1 | Reached XP level 23. HP: 130/147 MP: 36/43
 44248 | Vaults:2 | Noticed Jory
 44899 | Vaults:2 | Killed Jory
 45463 | Vaults:3 | Reached skill level 20 in Earth Magic
 45758 | Vaults:3 | Found Bysy's Jewellery Boutique.
 46774 | Vaults:3 | Found a staircase to the Crypt.
 47151 | Vaults:4 | Noticed Donald
 47389 | Vaults:4 | Noticed Zenata
 47434 | Vaults:4 | Killed Zenata
 47863 | Vaults:4 | Noticed Mennas
 47891 | Vaults:4 | Killed Mennas
 47949 | Vaults:4 | Reached XP level 24. HP: 133/154 MP: 44/44
 48854 | Depths:1 | Entered Level 1 of the Depths
 49020 | D:15     | Reached skill level 21 in Earth Magic
 49419 | Depths:1 | Identified the ring of Gib Venn {Fire rN+}
 49456 | Depths:1 | Found a one-way gateway to a ziggurat.
 49544 | Depths:1 | Identified the +10 war axe of Hacking and Slashing
                  | {protect, rN+ Int+4}
 49679 | Depths:1 | Found a one-way gate leading to the halls of Pandemonium.
 49703 | Depths:1 | Found a gateway to Hell.
 49744 | Depths:1 | Found a hazy altar of Hepliaklqana.
 49799 | Depths:1 | Reached skill level 10 in Dodging
 49920 | Depths:1 | Identified the +7 rapier "Eckueh" {flame, rN+++ Int-3
                  | Stlth-}
 50194 | Depths:2 | Found a runed translucent door.
 50198 | Depths:2 | Noticed Afra's ghost (veteran FoHs)
 50254 | Depths:2 | Identified the +0 great sword "Nogoxt" {vamp, rF+++ rC-
                  | Int-5 Dex+4}
 50502 | Depths:2 | Paralysed by a floating eye for 4 turns
 50608 | Depths:2 | Learned a level 8 spell: Lehudib's Crystal Spear
 50789 | Depths:2 | Reached skill level 22 in Earth Magic
 50987 | Depths:2 | Paralysed by a floating eye for 2 turns
 51884 | Depths:3 | Reached XP level 25. HP: 164/164 MP: 45/45
 51901 | Depths:3 | Learned a level 9 spell: Shatter
 52145 | Depths:3 | Found a corrupted altar of Lugonu.
 52145 | Depths:3 | Found a one-way gate to the infinite horrors of the Abyss.
 52766 | Depths:3 | Found a runed translucent gate.
 52766 | Depths:3 | Found a runed translucent gate.
 52766 | Depths:3 | Found a runed translucent gate.
 52766 | Depths:3 | Found a runed translucent gate.
 52766 | Depths:3 | Found a runed translucent gate.
 52766 | Depths:3 | Found a runed translucent gate.
 52766 | Depths:3 | Found the +2 Maxwell's thermic engine {flame, freeze, rev}
 53163 | Depths:4 | Entered Level 4 of the Depths
 53163 | Depths:4 | Noticed Xtahua
 53344 | Depths:4 | Killed Xtahua
 53478 | Depths:4 | Found an ancient bone altar of Kikubaaqudgha.
 53552 | Depths:4 | Found a radiant altar of Vehumet.
 53942 | Depths:4 | Found a gate to the Realm of Zot.
 54287 | Vaults:5 | Entered Level 5 of the Vaults
 54370 | Vaults:4 | Reached skill level 23 in Earth Magic
 54446 | Vaults:5 | Noticed Boris
 54455 | Vaults:4 | Killed Boris
 54507 | Vaults:4 | Killed Donald
 54551 | Vaults:5 | Noticed an ancient lich
 54561 | Vaults:5 | Identified the ring "Fiqid" {Fly rPois Will+ Str+2}
 54962 | Vaults:5 | Noticed a dread lich
 55133 | Vaults:5 | Identified the +2 halberd of Gozag, Screaming {vamp, Fly
                  | Int-3 Dex+3}
 55133 | Vaults:5 | Identified the ring "Boll" {Dex+3 Slay+2 SInv}
 55157 | Vaults:5 | Reached XP level 26. HP: 173/173 MP: 46/46
 55216 | Vaults:5 | Identified the ring "Xovvoqism" {Fire rN+ Will+ SInv}
 55260 | Vaults:5 | Identified the +6 whip of Guoffuwu {heavy, Fly MP-9 Str+2
                  | Dex+8}
 55374 | Vaults:5 | Got the Compendium of the Eleven Souls
 55390 | Vaults:5 | Got the Grimoire of Profane Secrets and Shifting
 55496 | Vaults:5 | Identified the staff of Past Mistakes {Str+2 Conj}
 55916 | Vaults:5 | Identified the +1 glaive of Propriety {venom, rPois Str+2
                  | Int+3}
 56054 | Vaults:5 | Killed an ancient lich
 56142 | Vaults:5 | Killed a dread lich
 56156 | Vaults:5 | Reached skill level 24 in Earth Magic
 56330 | Vaults:5 | Got the Papyrus of the Autopsy
 56464 | Vaults:5 | Identified the +3 cloak of Limaca {Dex+3}
 56701 | Vaults:5 | Got a silver rune of Zot
 57103 | Zot:1    | Entered Level 1 of the Realm of Zot
 57103 | Zot:1    | Noticed Parghit
 57288 | Depths:4 | Killed Parghit
 57947 | Zot:1    | Identified the +0 plate armour of Twilight {Str+4}
 58067 | Zot:1    | Killed from afar by a yellow draconian

Illustrated notes

Levels and vault maps discovered:
D:1:      onia_arrival_pentagram, layout_basic
D:2:      layout_basic, shapermc_ecumenical_altar_mp_vishouse,
          serial_bayou_pond_c
D:3:      layout_basic, lightli_temple_of_fire
D:4:      layout_basic, nicolae_dithmenos_through_a_glass_darkly, temple_green,
          uniq_duvessa
D:5:      layout_rooms, ashenzari_conservatory_becter,
          mainiacjoe_overflow_cross_hatched, uniq_blork_the_orc, uniq_sigmund,
          uniq_pikel
D:6:      layout_layer_cave, mainiacjoe_overflow_chevrons, minivault_27
D:7:      layout_gridville
D:8:      layout_basic, lemuel_tele_altar, kennysheep_island_fort
D:9:      minmay_slanted_spiral_squares, layout_cave_pods,
          chequers_temple_overflow_statue_of_worship, xom_teletrap_fun,
          grunt_lair_entry_orc_guard_hut, orc_0_dummy
D:10:     nicolae_cairo_tiling, layout_cave_pools, kennysheep_mini, uniq_grum,
          uniq_erolcha, uniq_maggie, uniq_fannar, uniq_snorg, uniq_nergalle
D:11:     layout_rooms, minmay_gold_behind_fungi, hive_lemuel
D:12:     layout_roguey, portal_ice_cave_entry_pillars_1,
          kennysheep_cross_bottleneck, minivault_5, minmay_orc_keep
D:13:     layout_long_grid
D:14:     layout_rooms, grunt_vaults_entry_fortified, led_sif_pool,
          small_chamber_with_monster, uniq_azrael, uniq_louise, uniq_lodul
D:15:     grunt_enter_depths_magical_seal, layout_irregular_city, enter_trove_0,
          nicolae_concentric_dashed_squares_wild, uniq_rupert
Temple:   grunt_temple_mini_profane
Lair:1:   gammafunk_indiana_jones, layout_gridlike, gammafunk_ghost_necromancy,
          chequers_serial_rivers_micro_a
Lair:2:   layout_hall_layers
Lair:3:   cheibrodos_lair_overgrown_chateau, layout_misc_corridors, swamp_mist,
          hellmonk_spider_entry_life_and_decay, uniq_gastronok
Lair:4:   layout_gridlike, basic_altar, serial_bayou_pond_d,
          nicolae_lair_lil_pond, uniq_josephine
Lair:5:   minmay_lair_end_enchanted_forest, layout_regular_city, slime_entry_1,
          gammafunk_ghost_split, gauntlet_entry_generic, lemuel_fruit_fields,
          lemuel_fruit_fields
Swamp:1:  layout_falls_marsh, evilmike_swamp_ruin_rubble_2, uniq_kirke
Swamp:2:  layout_basic_swamp, nicolae_swamp_feature_on_the_river_bank
Swamp:3:  layout_basic_swamp, ebering_ghost_reflecting_pool,
          hangedman_swamp_ruin_wall, swamp_pool2, beargit_kiku_chapel, uniq_mara
Swamp:4:  swamp_basic_johnstein, layout_basic_swamp, swamp_pool1
Spider:1: layout_cave_pods, special_room, nicolae_spider_undead_wolf_pack
Spider:2: layout_chambers, ebering_ghost_disaster_area, special_room,
          hangedman_spider_tarantella_strand
Spider:3: layout_chambers, nicolae_spider_circle_web, uniq_asterion
Spider:4: grunt_spider_rune_parallel, nicolae_spider_cling_ruins, uniq_nikola,
          uniq_aizul, uniq_arachne, uniq_bai_suzhen
Orc:1:    layout_diamond_mine, minmay_shop_enchanted_jewellery
Orc:2:    st_orc_elflike, layout_caves, serial_shops, shop, library_closet
Elf:1:    eino_elf_arrival_sip, layout_geoelf_diagonals,
          hangedman_elven_crosses_minicolossus, nicolae_elf_deep_friendship,
          grunt_megastairs_1, lemuel_upstairs_altar
Elf:2:    elven_hall_of_blades_hangedman_original
          [nicolae_blade_entry_sentries_behind_glass], layout_geoelf_octagon
Elf:3:    grunt_elf_hall_branching, layout_loops_cross
Vaults:1: nicolae_vaults_trapezoid_2, v_misc_15, grunt_vaults_swirl,
          nicolae_vaults_mitosis, nicolae_vaults_windows_and_doors_thing,
          nicolae_vaults_gold_heap, vaults_room_grid,
          nicolae_vaults_shipping_containers_2,
          nicolae_vaults_trapezoid_lopsided_1, hangedman_vaults_hat,
          vaults_dpeg_doors, nicolae_vaults_offset_grid_hallway_3,
          hangedman_vaults_nodes, nicolae_vaults_apartment_2,
          layout_vaults_maze_snakey, serial_shops, nicolae_shop_peninsula
Vaults:2: vaults_dpeg_ring, nicolae_vaults_asterisk,
          nicolae_vaults_little_squares_2, nicolae_vaults_offset_grid_hallway_1,
          vaults_room_stairs_pillars, nicolae_vaults_offset_grid_hallway_4,
          ontoclasm_vaults_ring_small, nicolae_vaults_trapezoid_4,
          nicolae_vaults_little_ls, v_misc_3, nicolae_vaults_big_ls,
          nicolae_vaults_closet_pinwheel_3, v_misc_19, v_misc_30,
          nicolae_vaults_hexular_roomagon, vaults_standard_mumra_x,
          grunt_vaults_diagonal, nicolae_vaults_trapezoid_1,
          layout_vaults_omnibox, uniq_jory
Vaults:3: vaults_room_fours, minmay_crypt_entry_skeletal_spiral, v_misc_25,
          ontoclasm_vaults_chip, hangedman_vaults_pinch, hangedman_vaults_nails,
          v_misc_27, v_misc_5, nicolae_vaults_storage_room_statues,
          layout_vaults_omnigrid, serial_shops, shop
Vaults:4: nicolae_vaults_double_plus_2, nicolae_vaults_alarming,
          nicolae_vaults_closet_pinwheel_3, nicolae_vaults_network_s,
          nicolae_vaults_six-pack, nicolae_vaults_border_crossing,
          nicolae_vaults_theta, v_misc_9, vaults_dpeg_cross,
          layout_vaults_big_room, uniq_donald, uniq_zenata, uniq_mennas
Vaults:5: serial_shops, uniq_boris
Depths:1: layout_forbidden_donut, enter_ziggurat_a, pf_hell_entry_great_geh,
          nicolae_benzene_ring, pan_entry, nzn_hepliaklqana_mist_gate
Depths:2: minmay_big_diamond_grid, layout_gridlike, ebering_ghost_inner_flame,
          hell_entry, grunt_pan_entry_zigzag, minmay_misc_feat_roman
Depths:3: kennysheep_funnel, layout_honeycomb, grunt_hell_horde,
          infiniplex_staircase_x, serial_sigils, serial_sigils_hangedman_quiver,
          serial_sigils_hangedman_shear, serial_sigils_hangedman_gnaw,
          serial_sigils_hangedman_confine, abyss_entry_flame_altar,
          brannock_guarded_unrand_thermic_engine
Depths:4: grunt_twist_and_shout, layout_honeycomb,
          nicolae_kikubaaqudgha_miasma_corner, hell_entry, vehumet_crystals,
          uniq_xtahua
Zot:1:    grunt_zot_stairs_mandelzot, layout_misc_corridors,
          hangedman_zot_decor_scrapings, grunt_megastairs_5, uniq_parghit,
          uniq_vv

Skill      XL: |  1  2  3  4  5  6  7  8  9 10 11 12 13 14 15 16 17 18 19 20 21 22 23 24 25 26 |
---------------+-------------------------------------------------------------------------------+-----
Maces & Flails | 3 4 5 6 7 9 11 12 14 16 | 16.0
Fighting       | 4 6 8 10 14 15 16 18 19 20 | 20.0
Armour         | 4 5 8 10 | 10.0
Shields        | 4 5 10 11 13 14 15 | 15.0
Spellcasting   | 2 6 8 10 12 13 14 15 16 17 18 19 | 19.9
Evocations     | 1 2 4 5 7 8 |  8.0
Dodging        | 1 2 4 5 6 9 10 | 10.0
Earth Magic    | 2 9 10 12 14 15 17 19 20 22 23 24 | 24.1
Translocations | 3 5 |  5.0
Conjurations   | 6 8 10 12 14 | 14.6
Necromancy     | 3 4 |  4.0

Action                     |  1- 3 |  4- 6 |  7- 9 | 10-12 | 13-15 | 16-18 | 19-21 | 22-24 | 25-27 || total
---------------------------+-------+-------+-------+-------+-------+-------+-------+-------+-------++-------
  Melee: Flail             |    98 |   157 |   120 |       |       |       |       |       |       ||   375
         Morningstar       |       |       |   151 |   939 |  1608 |  1248 |   612 |  1227 |       ||  5785
         Whip              |       |       |       |       |    67 |    81 |       |       |       ||   148
         Eveningstar       |       |       |       |       |       |       |       |   937 |  1380 ||  2317
   Cast: Lee's Rapid Decon |       |       |       |       |       |    21 |     4 |    26 |    10 ||    61
         Blink             |       |       |       |       |       |     3 |       |     1 |     1 ||     5
         Stone Arrow       |       |       |       |       |       |     7 |     3 |       |       ||    10
         Leda's Unmaking   |       |       |       |       |       |       |     7 |     8 |     7 ||    22
         Borgnjor's Vile C |       |       |       |       |       |       |       |    14 |       ||    14
         Lehudib's Crystal |       |       |       |       |       |       |       |       |    19 ||    19
         Shatter           |       |       |       |       |       |       |       |       |     6 ||     6
  Evoke: Wand              |       |       |       |     5 |     1 |     9 |     3 |     6 |     2 ||    26
         Lightning rod     |       |       |       |       |     3 |       |     1 |       |     2 ||     6
         Phantom mirror    |       |       |       |       |       |     2 |       |       |     2 ||     4
    Use: Potion            |       |       |     1 |     2 |       |       |     6 |     4 |     4 ||    17
         Scroll            |       |       |       |     9 |    16 |     9 |     2 |     9 |     7 ||    52
   Stab: Paralysed         |       |       |       |     4 |       |       |       |       |       ||     4
         Invisible         |       |       |       |     1 |       |       |       |       |       ||     1
         Distracted        |       |       |       |       |       |       |       |     1 |       ||     1
 Armour: Scale mail        |    52 |    85 |   134 |    54 |       |       |       |       |       ||   325
         Skin              |       |     7 |       |       |       |       |       |       |       ||     7
         Plate armour      |       |       |       |   706 |  1071 |       |       |       |       ||  1777
         Troll leather arm |       |       |       |       |   300 |   965 |   547 |  1338 |   787 ||  3937
  Dodge: Dodged            |    35 |    69 |   105 |   260 |   524 |   644 |   270 |   922 |   500 ||  3329
  Block: Buckler           |    13 |    31 |    41 |   150 |   471 |   953 |   487 |    97 |       ||  2243
         Reflection        |       |       |       |       |    10 |    26 |    35 |   101 |    21 ||   193
         Kite shield       |       |       |       |       |       |       |       |  1936 |  1037 ||  2973

Table legend: (Time is in decaauts)
 A = Elapsed time spent in this place.
 B = Non-inter-level travel time spent in this place.
 C = Inter-level travel time spent in this place.
 D = Time resting spent in this place.
 E = Time spent auto-exploring this place.
 F = Levels seen in this place.
 G = Mean time per level.
                   A        B        C        D        E       F      G
               +--------+--------+--------+--------+--------+-----+--------+
         Total |  57549 |  51865 |   5684 |   7973 |  25318 |  46 | 1251.1 |
       Dungeon |  17230 |  15197 |   2033 |   2208 |   8071 |  15 | 1148.7 |
        Temple |    297 |    239 |     58 |      0 |    170 |   1 |  297.0 |
          Lair |   8503 |   7608 |    895 |   1314 |   3788 |   5 | 1700.6 |
         Swamp |   3276 |   3061 |    215 |    463 |   1442 |   4 |  819.0 |
   Spider Nest |   6429 |   6193 |    236 |    961 |   3448 |   4 | 1607.2 |
  Orcish Mines |   2229 |   2058 |    171 |    773 |    652 |   2 | 1114.5 |
   Elven Halls |   4637 |   4180 |    457 |   1050 |   1397 |   3 | 1545.7 |
        Vaults |   9041 |   8030 |   1011 |    823 |   3611 |   5 | 1808.2 |
        Depths |   5154 |   4550 |    604 |    353 |   2488 |   4 | 1288.5 |
           Zot |    190 |    188 |      2 |      0 |     67 |   1 |  190.0 |
         Abyss |     38 |     38 |      0 |      0 |      0 |   1 |   38.0 |
      Ice Cave |    520 |    520 |      0 |     26 |    183 |   1 |  520.0 |
               +--------+--------+--------+--------+--------+-----+--------+

Top non-repeatable levels by time:
     D:9: 2989 daAuts
Vaults:5: 2137 daAuts
Vaults:3: 2128 daAuts
Spider:4: 2051 daAuts
  Lair:4: 1967 daAuts
Vaults:2: 1910 daAuts
   Elf:1: 1875 daAuts
  Lair:5: 1739 daAuts
  Lair:3: 1721 daAuts
Depths:2: 1716 daAuts
  Lair:1: 1701 daAuts
Depths:3: 1679 daAuts
     D:6: 1595 daAuts
Spider:2: 1589 daAuts
Vaults:1: 1553 daAuts
